 Dungeon Crawl Stone Soup version 0.31-a0-1603-gbec6b6ccbf (webtiles) character file.

Game seed: 2081649836617854717

788 jasper the Carver (level 7, -3/52 HPs)
             Began as a Human Fighter on Jan 7, 2024.
             Succumbed to a gnoll's poison
             ... on level 4 of the Dungeon.
             The game lasted 00:05:53 (3711 turns).

jasper the Carver (Human Fighter)                   Turns: 3711, Time: 00:05:53

Health: -3/52      AC: 10    Str: 16    XL:     7   Next: 87%
Magic:  7/7        EV:  6    Int:  9    God:
Gold:   250        SH:  5    Dex: 14    Spells: 6/6 levels left

rFire   . . .        a - +1 long sword (venom)
rCold   . . .        c - +0 buckler
rNeg    . . .        h - +0 chain mail
rPois   .            (no helmet)
rElec   .            (no cloak)
rCorr   .            (no gloves)
SInv    .            p - +0 pair of boots
Will    .....        (no amulet) Stlth
                     (no ring)
HPRegen 0.28/turn    (no ring)
MPRegen 0.10/turn

%: no passive effects
@: lethally poisoned (-3 -> -23)
A: explore regen
a: no special abilities


You were on level 4 of the Dungeon.
You visited 1 branch of the dungeon, and saw 7 of its levels.

You collected 250 gold pieces.

Inventory:

Hand Weapons
 a - a +1 long sword of venom (weapon)
 d - a +0 dagger of venom
Missiles
 e - 81 stones
 f - 5 javelins
 j - 5 darts of dispersal
Armour
 b - a +0 scale mail
 c - a +0 buckler (worn)
 h - a +0 chain mail (worn)
 p - a +0 pair of boots (worn)
Jewellery
 l - a +4 ring of protection
Wands
 m - a wand of charming (3)
 q - a wand of acid (4)
Scrolls
 g - a scroll of blinking
 i - 3 scrolls of teleportation
 k - 2 scrolls of enchant weapon
 n - 2 scrolls of identify
Potions
 o - a potion of brilliance


   Skills:
 - Level 3.0 Fighting
 + Level 8.8 Long Blades
 - Level 3.0 Armour
 - Level 3.0 Shields


You had 6 spell levels left.
You didn't know any spells.
Your spell library contained the following spells:

 Spells                   Type           Power      Damage    Failure   Level
 Cause Fear               Hex            0%         N/A       100%        4
 Fireball                 Conj/Fire      0%         3d3       100%        5
 Dragon's Call            Summ           0%         N/A       100%        9


Dungeon Overview and Level Annotations

Branches:
Dungeon (7/15)
 Temple: D:4-7

Altars:
Dithmenos

Annotations:
D:3 3 runed translucent doors, Dazliare's ghost, amateur DjIE


Innate Abilities, Weirdness & Mutations

You regain HP and MP as you explore.


Message History

The gnoll hits you from afar with a +2 spear of venom.
The gnoll hits you with a +0 spear.
You take 4 damage, and have 25/52 hp.
You slash the gnoll!
You kill the gnoll!
The gnoll hits you from afar with a +2 spear of venom!
You are poisoned.
You take 7 damage, and have 18/52 hp.
* * * LOW HITPOINT WARNING * * *
You feel very sick. The gnoll hits you but does no damage.
You are lethally poisoned!
Things that are here:
a +0 spear; a throwing net You take 4 damage, and have 14/52 hp.
* * * LOW HITPOINT WARNING * * *
You feel very sick.
The gnoll hits you from afar with a +2 spear of venom.
* * * LOW HITPOINT WARNING * * *
You are more poisoned.
You see here a +0 whip.
You take 8 damage, and have 6/52 hp.
Okay, then.
Aiming: Corrosive Bolt
Press: ? - help, Shift-Dir - straight line, f - gnoll
Aim: a gnoll, wielding a +2 spear of venom (75% to hit)
The bolt of acid hits the gnoll!
The acid corrodes the gnoll!
The gnoll is severely wounded.
The bolt of acid hits the gnoll!
You kill the gnoll!
* * * LOW HITPOINT WARNING * * *
You feel very sick. The gnoll barely misses you.
You take 5 damage, and have 1/52 hp.
Aiming: Corrosive Bolt
Press: ? - help, Shift-Dir - straight line, f/p - gnoll
Aim: a gnoll, wielding a +2 spear of venom (severely wounded, covered in acid, 75% to hit)
The bolt of acid misses the gnoll.
The bolt of acid hits the scorpion!!
You kill the scorpion!
You die...

# #. #.. #...
#
##....########
.
..$....>g)@..#
#######.####.#
#.# #.# #.#
#.# # #.# #.#
# #.# #.# #
#.# #.. # #.#
### #


You could see a gnoll (corroded).

Vanquished Creatures
  A black bear (D:7)
  2 bullfrogs (D:7)
  3 scorpions
  2 bombardier beetles (D:4)
  A hound (D:7)
  An orc priest (D:7)
  Ijyb (D:3)
  Terence (D:3)
  2 orc wizards (D:3)
  9 gnolls
  5 adders
  A white imp (D:7)
  2 dart slugs
  2 ribbon worms
  8 orcs
  10 bats
  5 endoplasms
  6 giant cockroaches
  4 goblins
  4 hobgoblins
  8 kobolds
  A quokka (D:1)
  8 ball pythons
  3 frilled lizards
  10 rats
100 creatures vanquished.

Notes
Turn   | Place    | Note
-------+----------+-------------------------------------------
     0 | D:1      | jasper the Human Fighter began the quest for the Orb.
     0 | D:1      | Reached XP level 1. HP: 18/18 MP: 1/1
   154 | D:1      | Reached XP level 2. HP: 24/24 MP: 2/2
   220 | D:1      | Reached skill level 3 in Long Blades
   343 | D:1      | Reached XP level 3. HP: 13/29 MP: 3/3
  1082 | D:2      | Reached skill level 4 in Long Blades
  1336 | D:2      | Reached XP level 4. HP: 35/35 MP: 4/4
  1887 | D:3      | Found a runed translucent gate.
  1887 | D:3      | Found a runed translucent gate.
  1888 | D:3      | Found a runed translucent gate.
  1888 | D:3      | Noticed Dazliare's ghost (amateur DjIE)
  1907 | D:3      | Noticed a scorpion
  1925 | D:3      | Killed a scorpion
  1926 | D:3      | Reached skill level 5 in Long Blades
  1926 | D:3      | Reached XP level 5. HP: 24/41 MP: 5/5
  2115 | D:3      | Reached skill level 6 in Long Blades
  2141 | D:3      | Reached XP level 6. HP: 42/47 MP: 6/6
  2162 | D:3      | Noticed Terence
  2173 | D:3      | Killed Terence
  2518 | D:3      | Noticed Ijyb
  2530 | D:3      | Killed Ijyb
  2858 | D:4      | Reached skill level 7 in Long Blades
  2860 | D:4      | You fall into a shaft and drop 3 floors!
  2866 | D:7      | Noticed a black bear
  2878 | D:7      | Killed a black bear
  2879 | D:7      | Reached XP level 7. HP: 42/52 MP: 7/7
  3465 | D:7      | Reached skill level 8 in Long Blades
  3585 | D:5      | Entered Level 5 of the Dungeon
  3590 | D:5      | Found a shadowy altar of Dithmenos.
  3710 | D:4      | HP: 1/52 [poisoned by a gnoll]
  3711 | D:4      | Succumbed to a gnoll's poison

Illustrated notes

Levels and vault maps discovered:
D:1:      minmay_arrival_shattered_statue, layout_rooms, minmay_crystal_room
D:2:      layout_basic, nicolae_elevator_lobby_asterisk
D:3:      layout_basic, ebering_ghost_rock_garden, uniq_terence, uniq_ijyb
D:4:      layout_basic
D:5:      layout_gridville, old_standard_altar, grunt_dithmenos_smoke,
          minmay_temple_entry_junction, nicolae_eternal_life, minivault_19
D:6:      layout_loops_ring, serial_shops, shop, grunt_ministairs_4, uniq_pikel
D:7:      layout_basic, nicolae_tricolors

Skill      XL: |  1  2  3  4  5  6  7 |
---------------+----------------------+-----
Long Blades    | 3 4 5 6 7 8 |  8.8
Fighting       | |  3.0
Armour         | |  3.0
Shields        | |  3.0

Action                     |  1- 3 |  4- 6 |  7- 9 || total
---------------------------+-------+-------+-------++-------
  Melee: Long sword        |   126 |   142 |    61 ||   329
  Throw: Javelin           |       |     4 |       ||     4
  Evoke: Wand              |       |     3 |     2 ||     5
    Use: Potion            |     2 |       |       ||     2
         Scroll            |     4 |     1 |     4 ||     9
 Armour: Scale mail        |    87 |       |       ||    87
         Chain mail        |    12 |   118 |    57 ||   187
  Dodge: Dodged            |    57 |    40 |    15 ||   112
  Block: Buckler           |    42 |    45 |    15 ||   102

Table legend: (Time is in decaauts)
 A = Elapsed time spent in this place.
 B = Non-inter-level travel time spent in this place.
 C = Inter-level travel time spent in this place.
 D = Time resting spent in this place.
 E = Time spent auto-exploring this place.
 F = Levels seen in this place.
 G = Mean time per level.
                   A        B        C        D        E       F      G
               +--------+--------+--------+--------+--------+-----+--------+
         Total |   3773 |   3710 |     63 |    298 |   2370 |   7 |  539.0 |
       Dungeon |   3773 |   3710 |     63 |    298 |   2370 |   7 |  539.0 |
               +--------+--------+--------+--------+--------+-----+--------+

Top non-repeatable levels by time:
     D:2: 1065 daAuts
     D:3: 873 daAuts
     D:1: 727 daAuts
     D:7: 677 daAuts
     D:4: 273 daAuts
     D:5: 105 daAuts
     D:6: 50 daAuts
